 Dungeon Crawl Stone Soup version 0.31-a0-233-g139696dc86 (webtiles) character file.

Game seed: 4949398701088290374

35 qw the Shooter (level 3, 0/29 HPs)
             Began as a Minotaur Hexslinger on July 8, 2023.
             Slain by a gnoll
             ... wielding a +0 flail
              (3 damage)
             ... on level 3 of the Dungeon.
             The game lasted 00:00:25 (1116 turns).

qw the Shooter (Minotaur Hexslinger)                Turns: 1116, Time: 00:00:25

Health: 0/29       AC:  6    Str: 14    XL:     3   Next: 17%
Magic:  3/3        EV: 11    Int: 10    God:
Gold:   48         SH:  0    Dex: 14    Spells: 3/4 levels left

rFire   . . .        Y - +1 sling
rCold   x . .        (no shield)
rNeg    . . .        f - +0 ring mail
rPois   +            (helmet restricted)
rElec   .            (no cloak)
rCorr   .            c - +0 pair of gloves of the Serpent {rPois rC- Str+2}
SInv    .            (no boots)
Will    .....        (no amulet)
Stlth   +            (no ring)
HPRegen 0.24/turn    (no ring)
MPRegen 0.08/turn

%: no passive effects
@: no status effects
A: horns 2, retaliatory headbutt
a: no special abilities


You were on level 3 of the Dungeon.
You visited 1 branch of the dungeon, and saw 3 of its levels.

You collected 48 gold pieces.


Innate Abilities, Weirdness & Mutations

You have a pair of horns on your head.
You reflexively headbutt those who attack you in melee.


   Skills:
 - Level 2.0 Fighting
 + Level 3.7 Ranged Weapons
 - Level 2.1 Dodging
 - Level 1.0 Spellcasting
 - Level 2.0 Hexes


You had 3 spell levels left.
You knew the following spells:

 Your Spells              Type           Power      Damage    Failure   Level
a - Slow                  Hex            16%        N/A       30%         1

Your spell library contained the following spells:

 Spells                   Type           Power      Damage    Failure   Level
 Inner Flame              Hex/Fire       2%         N/A       80%         3
 Portal Projectile        Hex/Tloc       4%         N/A       80%         3
 Cause Fear               Hex            2%         N/A       97%         4

Inventory:

Hand Weapons
 Y - a +1 sling (weapon)
Armour
 c - the +0 pair of gloves of the Serpent (worn) {rPois rC- Str+2}
   (You found it on level 2 of the Dungeon)

   Str:       It affects your strength (+2).
   rC:        It makes you vulnerable to cold.
   rPois:     It protects you from poison.
 f - a +0 ring mail (worn)
Potions
 a - a potion of might {unknown}
 b - a potion of curing {unknown}
 e - a potion of enlightenment {unknown}

Dungeon Overview and Level Annotations

Branches:
Dungeon (3/15)

Altars:


Message History

There is a stone staircase leading down here.
You climb downwards.
Found a ring mail.
There is a stone staircase leading up here.
Waypoint 2 assigned to D:3.
A gnoll comes into view. It is wielding a +0 spear.
The gnoll shouts!
You shoot a sling bullet.
The sling bullet barely misses the gnoll.
The gnoll hits you from afar with a +0 spear.
A gnoll comes into view. It is wielding a +0 flail.
You shoot a sling bullet. The gnoll shouts!
The sling bullet hits the gnoll.
The gnoll is lightly wounded.
The gnoll hits you from afar with a +0 spear.
You shoot a sling bullet.
The sling bullet barely misses the gnoll.
The gnoll barely misses you.
A gnoll comes into view. It is wielding a +0 spear.
You shoot a sling bullet.
The sling bullet barely misses the gnoll.
The gnoll closely misses you. x2
You shoot a sling bullet.
The sling bullet hits the gnoll but does no damage.
The gnoll hits you but does no damage.
You shoot a sling bullet.
The sling bullet completely misses the gnoll.
The gnoll hits you from afar with a +0 spear.
The gnoll hits you with a +0 flail. The gnoll closely misses you.
The gnoll hits you with a +0 flail. The gnoll misses you.
The gnoll hits you from afar with a +0 spear!
You shoot a sling bullet.
The sling bullet hits the gnoll but does no damage.
The gnoll hits you from afar with a +0 spear.
The gnoll barely misses you. The gnoll closely misses you.
You shoot a sling bullet. The sling bullet hits the gnoll.
The gnoll is lightly wounded.
The gnoll hits you but does no damage. The gnoll hits you with a +0 flail.
You die...

#################
......[.........#
#...........#####
......g@...<#
.##..##.##### #


#gg ##.# .# .. .. #.. You could see 3 gnolls.

Vanquished Creatures
  An adder (D:2)
  A bat (D:2)
  4 endoplasms
  4 giant cockroaches
  3 goblins
  A hobgoblin (D:2)
  5 kobolds
  A ball python (D:1)
  2 frilled lizards (D:1)
22 creatures vanquished.

Notes
Turn   | Place    | Note
-------+----------+-------------------------------------------
     0 | D:1      | qw the Minotaur Hexslinger began the quest for the Orb.
     0 | D:1      | Reached XP level 1. HP: 16/16 MP: 1/1
     0 | D:1      | 0 ||| qw: Version: 0.3-a-46-gb1f654a
     0 | D:1      | 0 ||| qw: Game counter: 3399
     0 | D:1      | 0 ||| qw: Melee chars always use a shield: true
     0 | D:1      | 0 ||| qw: God list: Okawaru
     0 | D:1      | 0 ||| qw: Allow faded altars: false
     0 | D:1      | 0 ||| qw: Do Orc after clearing Dungeon:15 true
     0 | D:1      | 0 ||| qw: Do second Lair branch before Depths: true
     0 | D:1      | 0 ||| qw: Lair rune preference: random
     0 | D:1      | 0 ||| qw: Goals: Normal
     0 | D:1      | 0 ||| PLANNING D:1-11
   119 | D:1      | 119 ||| READING scroll labelled REJOWAUN EBOMN.
   120 | D:1      | 120 ||| READING scroll labelled BULU WAETUTUFO.
   124 | D:1      | 124 ||| READING scroll labelled UKILOM MOLI OGO.
   257 | D:1      | Reached skill level 3 in Ranged Weapons
   277 | D:1      | Reached XP level 2. HP: 23/23 MP: 2/2
   459 | D:1      | 459 ||| UPGRADING to +0 leather armour.
   469 | D:1      | 469 ||| DROPPING +0 robe.
   470 | D:1      | 470 ||| UPGRADING to +0 ring mail.
   480 | D:1      | 480 ||| DROPPING +0 leather armour.
   481 | D:1      | 481 ||| READING scroll labelled CIBULE QUBB.
   482 | D:1      | 482 ||| DROPPING scroll of poison.
   645 | D:2      | Identified the +0 pair of gloves of the Serpent {rPois rC-
                  | Str+2}
   800 | D:2      | Reached XP level 3. HP: 29/29 MP: 3/3
  1065 | D:2      | 1065 ||| UPGRADING to +0 pair of gloves of the Serpent
                  | {rPois rC- Str+2}.
  1070 | D:2      | 1070 ||| READING scroll labelled RADU GYUDDOMP.
  1114 | D:3      | HP: 5/29 [gnoll/+0 spear (7)]
  1115 | D:3      | HP: 2/29 [gnoll/+0 spear (3)]
  1116 | D:3      | Slain by a gnoll

Levels and vault maps discovered:
D:1:      zaba_arrival_water, layout_rooms, minmay_misc_feat_ornament,
          nicolae_the_louvre
D:2:      layout_loops_ring
D:3:      minmay_recursive_quarters, layout_rooms, mainiacjoe_overflow_chevrons,
          serial_glass, glass_columns_c, glass_columns_b

Skill      XL: |  1  2 |
---------------+-------+-----
Ranged Weapons | 3 |  3.7
Fighting       | 2 |  2.0
Dodging        | |  2.1
Spellcasting   | |  1.0
Hexes          | |  2.0

Action                     || total
---------------------------++-------
   Fire: Sling             ||    80
    Use: Scroll            ||     5
 Armour: Robe              ||     5
         Ring mail         ||     9
  Dodge: Dodged            ||    29

Table legend:
 A = Non-vault XP
 B = Vault XP
 C = Vault XP percentage of total XP
 D = Non-vault monster count
 E = Vault monster count
 F = Vault count percentage of total count
                 A         B        C        D         E       F
            +---------+---------+-------+---------+---------+-------
      Total |      51 |       0 |   0.0 |      22 |       0 |   0.0
            +---------+---------+-------+---------+---------+-------
        D:1 |      21 |       0 |   0.0 |      12 |       0 |   0.0
        D:2 |      30 |       0 |   0.0 |      10 |       0 |   0.0
            +---------+---------+-------+---------+---------+-------
